 Dungeon Crawl Stone Soup version 0.20.1-1-g8b1a95d (console) character file.

116 hilaritas the Conjurer (level 4, -3/25 HPs)
             Began as a Deep Elf Conjurer on Jan 23, 2018.
             Slain by an ice beast (7 damage)
             ... on level 3 of the Dungeon.
             The game lasted 00:06:56 (2040 turns).

hilaritas the Conjurer (Deep Elf Conjurer)          Turns: 2040, Time: 00:06:57

Health: -3/25      AC:  6    Str:  5    XL:     4   Next: 70%
Magic:  0/12       EV: 14    Int: 21    God:
Gold:   91         SH:  0    Dex: 15    Spells: 1/11 levels left

rFire    . . .     SeeInvis .   o - +2 dagger (venom)
rCold    . . .     Gourm    .   (no shield)
rNeg     + . .     Faith    .   a - +0 robe
rPois    .         Spirit   .   d - +2 helmet
rElec    .         Reflect  .   (no cloak)
rCorr    .         Harm     .   e - +0 pair of gloves
MR       .....                  (no boots)
Stlth    ++........             p - amulet of magic regeneration
Regen    0.1/turn               u - ring of positive energy
MPRegen  0.2/turn               (no ring)

@: no status effects
A: no striking features
a: no special abilities


You were on level 3 of the Dungeon.
You were not hungry.

You visited 1 branch of the dungeon, and saw 3 of its levels.

You collected 91 gold pieces.

Inventory:

Hand Weapons
 j - a +0 dagger
 o - a +2 dagger of venom (weapon)
Missiles
 n - 51 arrows
Armour
 a - a +0 robe (worn)
 d - a +2 helmet (worn)
 e - a +0 pair of gloves (worn)
Jewellery
 k - an uncursed ring of resist corrosion
 p - an amulet of magic regeneration (around neck)
 t - an uncursed ring of flight
 u - a ring of positive energy (left hand)
Wands
 r - a wand of acid (9/15)
Scrolls
 f - 2 scrolls of teleportation
 q - 4 scrolls of magic mapping
Potions
 h - a potion of heal wounds
 l - 2 potions of berserk rage
 m - a potion of ambrosia
 s - a potion of haste {unknown}
Books
 b - a book of Conjurations

   Spells                             Type                      Level
   a - Magic Dart                     Conjuration                  1
   b - Searing Ray                    Conjuration                  2
   c - Dazzling Spray                 Conjuration/Hexes            3
   d - Fulminant Prism                Conjuration/Hexes            4
   e - Force Lance                    Conjuration/Translocation    4
   f - Iskenderun's Mystic Blast      Conjuration                  4
Comestibles
 c - 3 bread rations
 g - 4 fruits
 i - a chunk of flesh


   Skills:
 * Level 1.5 Fighting
 * Level 3.9 Dodging
 - Level 2.4 Stealth
 + Level 4.1 Spellcasting
 - Level 5.0 Conjurations


You had one spell level left.
You knew the following spells:

 Your Spells              Type           Power        Failure   Level  Hunger
a - Magic Dart            Conj           ####         1%          1    None
b - Searing Ray           Conj           ####..       2%          2    #......
c - Dazzling Spray        Conj/Hex       ##....       13%         3    ###....
d - Iskenderun's Mystic   Conj           ####....     16%         4    ####...


Dungeon Overview and Level Annotations

Branches:
Dungeon (3/15)

Altars:


Message History

Casting: Searing Ray
Confirm with . or Enter, or press ? or * to list all spells.
Aiming: Searing Ray
Press: ? - help, Shift-Dir - straight line, f - ice beast
Aim: an ice beast The searing ray hits the ice beast.
The ice beast is lightly wounded. (Press . to maintain the ray.)
The ice beast closely misses you. The quokka barely misses you.
Okay, then.
The searing ray hits the ice beast.
The ice beast is lightly wounded.
The quokka misses you. The ice beast barely misses you.
The quokka bites you but does no damage.
The searing ray hits the ice beast.
The ice beast is lightly wounded.
The ice beast hits you.
* * * LOW HITPOINT WARNING * * *
The ice beast freezes you!
You die...

.......#####.......#
#######......#####.#
...####(..#### #.#
.........###. #.##
.#.#######
.≈##≈##..# .
.≈...##.#
..##.#.r≈#.#
..#.≈≈#..#.#
#...#.l⌠.#.#
.##.≈≈r###.#
#....##@##.#
≈...⌠≈#Y#..#
.≈.≈...#.###
.≈..⌠##### ....##.#
#.≈#≈≈.. .≈≈≈#≈..
.≈..^≈#≈ .###..#
#≈.###


You could see an ice beast, a quokka and a frilled lizard.

Vanquished Creatures
  5 adders (D:2)
  2 oozes
  A worm (D:2)
  2 dart slugs (D:1)
  An orc (D:3)
  7 bats
  2 giant cockroaches (D:3)
  8 hobgoblins
  2 jackals (D:2)
  2 quokkas
  3 frilled lizards
  7 goblins
  5 kobolds
  10 rats
57 creatures vanquished.

Vanquished Creatures (others)
  A rat (D:1)
1 creature vanquished.

Grand Total: 58 creatures vanquished

Notes
Turn   | Place    | Note
-------+----------+-------------------------------------------
     0 | D:1      | hilaritas the Deep Elf Conjurer began the quest for the Orb.
     0 | D:1      | Reached XP level 1. HP: 10/10 MP: 6/6
   133 | D:1      | Reached XP level 2. HP: 15/15 MP: 6/8
   137 | D:1      | Learned a level 2 spell: Searing Ray
   382 | D:1      | Reached skill level 5 in Conjurations
   665 | D:1      | Reached XP level 3. HP: 20/20 MP: 6/9
   694 | D:1      | Learned a level 3 spell: Dazzling Spray
   832 | D:2      | Reached skill level 1 in Fighting
  1161 | D:2      | Reached XP level 4. HP: 25/25 MP: 8/11
  1835 | D:3      | Learned a level 4 spell: Iskenderun's Mystic Blast
  2026 | D:3      | Noticed an ice beast
  2040 | D:3      | Slain by an ice beast

Skill      XL: |  1  2  3  4 |
---------------+-------------+-----
Conjurations   | 5 |  5.0
Fighting       | 1 |  1.5
Dodging        | 3 |  3.9
Spellcasting   | 4 |  4.1
Stealth        | |  2.4

Action                   |  1- 3 |  4- 6 || total
-------------------------+-------+-------++-------
Melee: Dagger            |     1 |     2 ||     3
 Cast: Magic Dart        |    61 |    43 ||   104
       Searing Ray       |     2 |     3 ||     5
  Use: Scroll            |     7 |     2 ||     9
  Eat: Chunk             |     1 |     2 ||     3
Armor: Robe              |     2 |     5 ||     7
Dodge: Dodged            |     5 |    16 ||    21
